 Dungeon Crawl Stone Soup version 0.28-a0-863-g8cecda6153 (webtiles) character file.

Game seed: 16746571891942012441

3659 blank1 the Basher (level 9, -9/85 HPs)
             Began as a Minotaur Fighter on Nov 18, 2021.
             Was a Believer of Okawaru.
             Killed from afar by a centaur (34 damage)
             ... with a bolt of acid
             ... on level 8 of the Dungeon.
             The game lasted 00:18:37 (9672 turns).

blank1 the Basher (Minotaur Fighter)                Turns: 9672, Time: 00:18:38

Health: -9/85      AC:  9    Str: 22    XL:     9   Next: 89%
Magic:  11/11      EV:  8    Int:  5    God:    Okawaru [**....]
Gold:   455        SH:  8    Dex: 18    Spells: 8/8 levels left

rFire   . . .      SeeInvis .   A - +3 mace
rCold   . . .      Faith    .   v - +2 buckler
rNeg    + . .      Spirit   .   g - +1 plate armour
rPois   .          Reflect  .   (helmet restricted)
rElec   .          Harm     .   (no cloak)
rCorr   .          Rampage  .   w - +2 pair of gloves
Will    .....                   (no boots)
Stlth   ..........              (no amulet)
HPRegen 0.24/turn               m - ring of positive energy
MPRegen 0.12/turn               B - +6 ring of dexterity

@: corroded
A: horns 2, retaliatory headbutt
a: Renounce Religion, Heroism


You were on level 8 of the Dungeon.
You worshipped Okawaru.
Okawaru was pleased with you.
You visited 2 branches of the dungeon, and saw 9 of its levels.
You also visited: Ossuary.

You collected 455 gold pieces.

Inventory:

Hand Weapons
 a - a +0 flail
 A - a +3 mace (weapon)
Missiles
 r - 2 throwing nets (quivered)
Armour
 g - a +1 plate armour (worn)
 k - a +0 kite shield
 v - a +2 buckler (worn)
 w - a +2 pair of gloves (worn)
Jewellery
 m - a ring of positive energy (left hand)
 s - a ring of resist corrosion
 B - a +6 ring of dexterity (right hand)
Wands
 o - a wand of acid (9)
 q - a wand of polymorph (6)
 x - a wand of flame (14)
 y - a wand of iceblast (17)
Scrolls
 e - a scroll of summoning
 j - 4 scrolls of teleportation
 n - a scroll of vulnerability
 z - a scroll of fog {unknown}
 C - a scroll of enchant weapon {unknown}
 D - a scroll of fear {unknown}
 E - 2 scrolls of amnesia
 F - 2 scrolls of enchant armour
Potions
 b - 2 potions of cancellation
 c - 2 potions of brilliance
 d - 4 potions of might
 f - a potion of resistance {unknown}
 h - a potion of curing
 i - 2 potions of attraction
 l - a potion of lignification
 p - 2 potions of haste
 t - 2 potions of magic
 G - a potion of flight


   Skills:
 - Level 10.0 Fighting
 - Level 10.0 Maces & Flails
 + Level 7.4 Armour
 - Level 4.0 Dodging
 - Level 6.0 Shields
 - Level 4.0 Invocations


You had 8 spell levels left.
You didn't know any spells.
Your spell library contained the following spells:

 Spells                   Type           Power      Damage    Failure   Level
 Apportation              Tloc           0%         N/A       100%        1
 Animate Skeleton         Necr           Unusable   N/A       N/A         1
 Summon Small Mammal      Summ           Unusable   N/A       N/A         1

Dungeon Overview and Level Annotations

Branches:
Dungeon (8/15)             Temple (1/1) D:6         Ossuary (visited)
   Lair: D:8-11

Altars:
Ashenzari
Cheibriados
Dithmenos
Elyvilon
Fedhas
Gozag
Hepliaklqana
Kikubaaqudgha
Makhleb
Nemelex Xobeh
Okawaru
Qazlal
Ru
Sif Muna
Trog
Uskayaw
Vehumet
Wu Jian
Xom
Yredelemnul
Zin
The Shining One


Innate Abilities, Weirdness & Mutations

You have a pair of horns on your head.
You reflexively headbutt those who attack you in melee.


Message History

a +3 hand axe; an orc corpse
Things that are here:
a +0 hand axe; a +0 leather armour; an orc corpse
Things that are here:
a +0 whip; a +0 leather armour
Things that are here:
a +0 short sword; a +0 whip
Found a runed scarf.
A centaur comes into view. It is carrying a wand of acid (11).
A centaur is nearby!
A centaur is nearby!
Found a stone staircase leading up.
The centaur shouts!
The centaur wields a +0 shortbow.
The centaur shoots an arrow.
The arrow hits you.
The centaur shoots an arrow.
The arrow barely misses you.
The centaur shoots an arrow.
The arrow hits you.
The centaur zaps a wand.
The bolt of acid hits you.
The centaur zaps a wand.
The bolt of acid hits you! The acid corrodes you!
Found a stone staircase leading down.
The centaur zaps a wand.
The bolt of acid hits you! The acid corrodes you!
You hit the centaur.
The centaur is lightly wounded.
The centaur unwields a +0 shortbow.
The centaur hits you.
The centaur kicks you but does no damage.
You hit the centaur but do no damage.
The centaur is lightly wounded.
You block the centaur's attack.
The centaur kicks you but does no damage.
The centaur barely misses you. You furiously retaliate!
You headbutt the centaur, but do no damage.
The centaur kicks you but does no damage.
You hit the centaur.
The centaur is lightly wounded.
The centaur zaps a wand.
The bolt of acid hits you!!
* * * LOW HITPOINT WARNING * * *
You hit the centaur but do no damage.
The centaur is lightly wounded.
The centaur zaps a wand.
The bolt of acid hits you!!
You die...

#...........# .......#
#.........#.# ##......#
#......####.#######........
#......###.....#<..
#########...........
#............ #.........###
#........... #...@.[...###
.......c.....#
#............#
...............
####.........## #.........#
#.........# ##.....>.##


You could see a centaur.

Vanquished Creatures
  Maggie (D:7)
  A shadow (D:5)
  3 steam dragons
  2 water moccasins
  An orc warrior (D:8)
  An ice beast (D:6)
  2 necrophages
  2 black bears
  2 sky beasts
  3 ogres
  2 bullfrogs (D:7)
  An elf zombie (Ossuary)
  A gnoll sergeant (D:4)
  A scorpion (D:5)
  2 water moccasin skeletons (D:4)
  5 wights (D:7)
  A killer bee (D:7)
  A howler monkey (D:6)
  A bullfrog zombie (D:5)
  2 centaur zombies
  2 hounds
  A human zombie (Ossuary)
  A jelly (D:7)
  3 orc priests
  A bullfrog skeleton (D:5)
  3 iguanas
  2 orc wizards
  A killer bee zombie (D:8)
  A hound zombie (Ossuary)
  A hound skeleton (D:5)
  4 mummies (Ossuary)
  9 adders
  14 gnolls
  A white imp (D:6)
  An ufetubus (D:4)
  An adder zombie (Ossuary)
  6 worms
  2 dart slugs (D:2)
  15 orcs
  9 bats
  9 endoplasms
  A giant cockroach (D:1)
  A gnoll zombie (Ossuary)
  7 goblins
  6 hobgoblins
  5 jackals
  13 kobolds
  6 quokkas
  3 ball pythons
  4 frilled lizards
  3 goblin zombies
  A jackal zombie (Ossuary)
  2 orc zombies (Ossuary)
  7 rats
  3 rat zombies (Ossuary)
184 creatures vanquished.

Vanquished Creatures (others)
  2 fungi (D:3)
  15 plants (D:3)
17 creatures vanquished.

Grand Total: 201 creatures vanquished

Notes
Turn   | Place    | Note
-------+----------+-------------------------------------------
     0 | D:1      | blank1 the Minotaur Fighter began the quest for the Orb.
     0 | D:1      | Reached XP level 1. HP: 19/19 MP: 0/0
   129 | D:1      | Reached XP level 2. HP: 27/27 MP: 1/1
   686 | D:2      | Reached skill level 1 in Dodging
   853 | D:2      | Reached XP level 3. HP: 26/33 MP: 2/2
  1637 | D:2      | Reached XP level 4. HP: 14/40 MP: 3/3
  2497 | D:3      | Found a hide-covered altar of Uskayaw.
  2697 | D:3      | Found a faded altar of an unknown god.
  2958 | D:3      | Reached XP level 5. HP: 46/47 MP: 4/4
  3534 | D:3      | Reached skill level 5 in Fighting
  3534 | D:3      | Reached skill level 5 in Maces & Flails
  4110 | D:4      | Reached XP level 6. HP: 49/56 MP: 5/5
  4694 | D:5      | Entered Level 5 of the Dungeon
  4806 | D:5      | Reached XP level 7. HP: 44/63 MP: 6/6
  4965 | D:5      | Reached skill level 5 in Armour
  4965 | D:5      | Reached skill level 5 in Shields
  5478 | D:5      | Noticed a shadow
  5507 | D:5      | Reached XP level 8. HP: 64/73 MP: 7/7
  6993 | D:6      | Found a staircase to the Ecumenical Temple.
  7000 | Temple   | Entered the Ecumenical Temple
  7059 | Temple   | Became a worshipper of Warmaster Okawaru
  7445 | D:6      | Reached * piety under Okawaru
  7446 | D:6      | Reached skill level 1 in Invocations
  7813 | D:7      | Reached XP level 9. HP: 43/84 MP: 9/9
  8020 | D:7      | Noticed Maggie
  8043 | D:7      | Killed Maggie
  8236 | D:7      | Reached skill level 10 in Maces & Flails
  8250 | D:7      | Reached skill level 10 in Fighting
  9062 | D:8      | Reached ** piety under Okawaru
  9105 | D:8      | Found a sand-covered staircase.
  9148 | Ossuary  | Entered an ossuary
  9672 | D:8      | Killed from afar by a centaur

Illustrated notes

Levels and vault maps discovered:
D:1:      elethiomel_arrival_shortcut, layout_rooms
D:2:      minmay_recursive_quarters, layout_loops_ring
D:3:      minmay_wonky_spiral, layout_loops_ring, lemuel_round_altar,
          shapermc_ecumenical_altar_mp_ritualfount,
          chequers_serial_rivers_large_b, hangedman_abyss_or_decor_lesser_grid,
          minmay_checkerbox
D:4:      layout_basic
D:5:      minmay_chambers_of_fours, layout_cave_pools, serial_column_ruins,
          column_ruins_hut_water, column_ruins_open_large,
          column_ruins_open_small, column_ruins_open_tiny,
          column_ruins_open_medium, column_ruins_columns_corner
D:6:      layout_basic, minmay_temple_entry_ruins
D:7:      layout_gridville, uniq_maggie
D:8:      layout_rooms, enter_ossuary_4
Temple:   dpeg_three_leaves_temple

Skill      XL: |  1  2  3  4  5  6  7  8  9 |
---------------+----------------------------+-----
Dodging        | 1 2 3 4 |  4.0
Fighting       | 4 5 6 7 9 10 | 10.0
Maces & Flails | 3 4 5 6 7 9 10 | 10.0
Armour         | 4 5 7 |  7.4
Shields        | 4 5 6 |  6.0
Invocations    | 2 4 |  4.0

Action                   |  1- 3 |  4- 6 |  7- 9 || total
-------------------------+-------+-------+-------++-------
Melee: Flail             |   125 |   183 |   184 ||   492
       Headbutt          |    15 |    30 |    85 ||   130
       Mace              |       |       |   125 ||   125
Invok: Heroism           |       |       |     2 ||     2
  Use: Scroll            |     1 |     5 |    12 ||    18
       Potion            |     1 |       |     3 ||     4
Armor: Scale mail        |    48 |    38 |       ||    86
       Plate armour      |       |    74 |   203 ||   277
Dodge: Dodged            |    75 |    41 |   122 ||   238
Block: Buckler           |    22 |       |   114 ||   136
       Kite shield       |    20 |    84 |    74 ||   178

Table legend: (Time is in decaauts)
 A = Elapsed time spent in this place.
 B = Non-inter-level travel time spent in this place.
 C = Inter-level travel time spent in this place.
 D = Time resting spent in this place.
 E = Time spent auto-exploring this place.
 F = Levels seen in this place.
 G = Mean time per level.
                   A        B        C        D        E       F      G
               +--------+--------+--------+--------+--------+-----+--------+
         Total |   9819 |   9519 |    300 |   2455 |   5311 |  10 |  981.9 |
       Dungeon |   9411 |   9119 |    292 |   2342 |   5147 |   8 | 1176.4 |
        Temple |     68 |     60 |      8 |      0 |     45 |   1 |   68.0 |
       Ossuary |    339 |    339 |      0 |    113 |    119 |   1 |  339.0 |
               +--------+--------+--------+--------+--------+-----+--------+

Top non-repeatable levels by time:
     D:3: 1817 daAuts
     D:4: 1523 daAuts
     D:5: 1506 daAuts
     D:2: 1345 daAuts
     D:6: 1323 daAuts
     D:7: 865 daAuts
     D:1: 769 daAuts
 Ossuary: 339 daAuts
     D:8: 261 daAuts
  Temple: 68 daAuts
